 Dungeon Crawl Stone Soup version 0.21.1 (webtiles) character file.

4031 JeffiDaFish the Thaumaturge (level 10, -11/70 HPs)
             Began as a Mummy Wizard on Feb 3, 2018.
             Was an Elder of Sif Muna.
             Mangled by a two-headed ogre
             ... wielding a +0 giant spiked club
              (15 damage)
             ... on level 10 of the Dungeon.
             The game lasted 00:50:52 (13164 turns).

JeffiDaFish the Thaumaturge (Mummy Wizard)         Turns: 13164, Time: 00:50:53

Health: -11/70     AC:  8    Str: 11    XL:     10   Next: 4%
Magic:  3/23       EV: 13    Int: 20    God:    Sif Muna [****..]
Gold:   414        SH:  0    Dex: 11    Spells: 16/28 levels left

rFire    . . .     SeeInvis .   i - +2 rapier (speed)
rCold    + . .     Gourm    .   (no shield)
rNeg     + + +     Faith    .   g - +1 leather armour {rF+}
rPois    ∞         Spirit   .   s - +2 helmet
rElec    .         Reflect  .   r - +0 cloak
rCorr    .         Harm     .   (no gloves)
MR       +....                  (no boots)
Stlth    ++........             (no amulet)
HPRegen  0.21/turn              e - ring of wizardry
MPRegen  0.18/turn              (no ring)

@: no status effects
A: no food or potions, fire vulnerability, cold resistance 1, negative energy
resistance 3, torment resistance, unbreathing
a: Divine Energy, Channel Magic, Forget Spell, Renounce Religion


You were on level 10 of the Dungeon.
You worshipped Sif Muna.
Sif Muna was greatly pleased with you.
You were not hungry.

You visited 1 branch of the dungeon, and saw 10 of its levels.
You also visited: Sewer.

You collected 414 gold pieces.

Inventory:

Hand Weapons
 i - a +2 rapier of speed (weapon)
Armour
 g - a +1 leather armour of fire resistance (worn)
 n - a +2 buckler
 r - a +0 cloak (worn)
 s - a +2 helmet (worn)
Magical Staves
 f - an uncursed staff of power
 h - an uncursed staff of death
Jewellery
 e - a ring of wizardry (left hand)
Wands
 b - a wand of paralysis (16)
 o - a wand of flame (45)
 q - a wand of clouds (3)
Scrolls
 a - 2 scrolls of magic mapping
 c - 6 scrolls of identify
 k - 2 scrolls of remove curse
 p - a scroll of fog
Books
 l - a book of Cantrips

   Spells                             Type                      Level
   a - Confusing Touch                Hexes                        1
   b - Animate Skeleton               Necromancy                   1
   c - Summon Small Mammal            Summoning                    1
   d - Apportation                    Translocation                1


   Skills:
 - Level 3.0 Fighting
 - Level 0.3 Short Blades
 + Level 2.3 Staves
 - Level 4.0 Dodging
 - Level 3.3 Stealth
 * Level 9.8 Spellcasting
 - Level 2.6 Conjurations
 + Level 4.2 Hexes
   Level 0.7 Summonings
 * Level 5.4 Necromancy
 - Level 1.1 Translocations
 - Level 1.5 Fire Magic
 - Level 1.4 Air Magic
 - Level 2.0 Poison Magic
 + Level 3.0 Evocations


You had 16 spell levels left.
You knew the following spells:

 Your Spells              Type           Power        Failure   Level  Hunger
a - Magic Dart            Conj           ###.         1%          1    N/A
b - Slow                  Hex            ####....     1%          2    N/A
c - Blink                 Tloc           N/A          3%          2    N/A
d - Mephitic Cloud        Conj/Pois/Air  ###.....     4%          3    N/A
e - Conjure Flame         Conj/Fire      ###.....     4%          3    N/A
f - Animate Skeleton      Necr           N/A          1%          1    N/A

Dungeon Overview and Level Annotations

Branches:
Dungeon (10/15)            Temple (0/1) D:4            Lair (0/6) D:9
    Orc: D:9-12

Altars:
Fedhas
Gozag
Kikubaaqudgha
Ru
Sif Muna
Wu Jian

Shops:
D:6 :   D:8 (

Annotations:
D:5 Boatsy's ghost, weakling GrFi
D:8 arcanemastermind's ghost, novice DEFE
D:10 Erolcha


Innate Abilities, Weirdness & Mutations

You do not eat or drink.
Your flesh is vulnerable to fire.
You are immune to poison.
Your flesh is cold resistant. (rC+)
You are immune to negative energy. (rN+++)
You are immune to unholy pain and torment.
You can survive without breathing.


Message History

Aiming: Mephitic Cloud
Press: ? - help, Shift-Dir - straight line, f/p - two-headed ogre
Aim: a two-headed ogre, wielding two giant spiked clubs (lightly wounded)
The ball explodes into a vile cloud!
The stinking cloud engulfs the two-headed ogre.
The two-headed ogre is lightly wounded.
The stinking cloud engulfs you!
The two-headed ogre is engulfed in noxious fumes.
The two-headed ogre barely misses you.
The two-headed ogre hits you with a giant spiked club!
* * * LOW HITPOINT WARNING * * *
The hungry ghost hits you.
You miss the hungry ghost.
The hungry ghost is moderately damaged.
You hit the two-headed ogre.
The two-headed ogre is lightly wounded.
The hungry ghost closely misses you.
The two-headed ogre is engulfed in noxious fumes.
The two-headed ogre hits you with a giant spiked club!
You die...

#.#
#.#
#Y#
#O#
#.#
#.#
#§#
#O#
#@#
#W#
#.#
#.#
#.#
#>#
#.#
#.#


You could see a two-headed ogre, Erolcha (confused), a hungry ghost and an ice
beast.

Vanquished Creatures
  A troll (D:8)
  A hippogriff (D:9)
  A hungry ghost (D:9)
  Duvessa (D:4)
  A necrophage (D:9)
  An orc warrior (D:7)
  An ice beast (D:5)
  A sky beast (D:7)
  2 black bears
  4 phantoms
  2 ogres
  2 centaurs
  5 bullfrogs
  A water moccasin zombie (D:7)
  Dowan (D:4)
  A howler monkey (D:8)
  A crimson imp (D:8)
  2 bullfrog zombies (D:5)
  3 hounds
  4 orc priests
  7 orc wizards
  A jelly (D:7)
  2 centaur skeletons
  4 worker ants
  A hound zombie (D:7)
  A hound skeleton (D:9)
  5 gnolls
  16 adders
  2 shadow imps
  13 oozes
  2 adder skeletons (D:4)
  4 worms
  2 dart slugs
  11 leopard geckos
  23 orcs
  13 giant cockroaches
  5 goblins
  9 hobgoblins
  7 jackals
  2 quokkas (D:8)
  9 ball pythons
  6 bats
  8 frilled lizards
  4 kobolds
  2 leopard gecko zombies
  A quokka skeleton (D:7)
  6 rats
  2 plants (D:9)
204 creatures vanquished.

Vanquished Creatures (collateral kills)
  Maurice (D:8)
  A komodo dragon (D:9)
  Menkaure (D:7)
  A centaur (D:9)
  A scorpion (D:8)
  An iguana (D:9)
  5 adders
  5 oozes (Sewer)
  A leopard gecko (Sewer)
  A ball python (Sewer)
  A giant cockroach (Sewer)
  4 frilled lizards (Sewer)
  2 plants (D:9)
25 creatures vanquished.

Vanquished Creatures (others)
  An orc wizard (D:4)
1 creature vanquished.

Grand Total: 230 creatures vanquished

Notes
Turn   | Place    | Note
-------+----------+-------------------------------------------
     0 | D:1      | JeffiDaFish the Mummy Wizard began the quest for the Orb.
     0 | D:1      | Reached XP level 1. HP: 13/13 MP: 5/5
   586 | D:1      | Reached XP level 2. HP: 18/19 MP: 0/7
   661 | D:1      | Learned a level 2 spell: Slow
   664 | D:1      | Learned a level 2 spell: Blink
  1667 | D:2      | Found a faded altar of an unknown god.
  1733 | D:2      | Reached XP level 3. HP: 12/24 MP: 5/9
  1744 | D:2      | HP: 1/24 [adder (4)]
  2188 | D:2      | Reached skill level 1 in Conjurations
  2368 | D:2      | Learned a level 3 spell: Mephitic Cloud
  2716 | D:2      | Reached skill level 1 in Translocations
  2716 | D:2      | Reached XP level 4. HP: 16/31 MP: 0/10
  2787 | D:2      | Reached skill level 5 in Spellcasting
  2983 | D:2      | Found a deep blue altar of Sif Muna.
  2989 | D:2      | Became a worshipper of Sif Muna the Loreminder
  3130 | D:2      | Learned a level 3 spell: Conjure Flame
  4247 | D:3      | Reached skill level 1 in Fighting
  4247 | D:3      | Reached XP level 5. HP: 37/37 MP: 12/12
  4369 | D:3      | Reached skill level 1 in Hexes
  4824 | D:4      | Noticed a phantom
  5120 | D:4      | Killed a phantom
  5120 | D:4      | Reached XP level 6. HP: 20/43 MP: 0/14
  5338 | D:4      | Reached skill level 1 in Poison Magic
  5370 | D:4      | Found a staircase to the Ecumenical Temple.
  5799 | D:4      | Reached skill level 6 in Spellcasting
  5799 | D:4      | Reached XP level 7. HP: 38/49 MP: 4/16
  5818 | D:4      | Reached * piety under Sif Muna
  6004 | D:4      | Found a sacrificial altar of Ru.
  6079 | D:5      | Entered Level 5 of the Dungeon
  6079 | D:5      | Noticed Duvessa
  6079 | D:5      | Noticed Dowan
  6167 | D:4      | Killed Dowan
  6216 | D:4      | Killed Duvessa
  6741 | D:5      | Noticed Boatsy's ghost (weakling GrFi)
  6997 | D:5      | Reached XP level 8. HP: 43/57 MP: 0/18
  7123 | D:5      | Reached skill level 7 in Spellcasting
  7577 | D:5      | Learned a level 1 spell: Animate Skeleton
  8117 | D:6      | Found a glowing drain.
  8178 | Sewer    | Entered a sewer
  8374 | Sewer    | Reached ** piety under Sif Muna
  8500 | Sewer    | Reached skill level 1 in Necromancy
  9366 | D:6      | Found Xilluuri's Book Emporium.
  9465 | D:6      | Found a blossoming altar of Fedhas.
  9577 | D:7      | Reached skill level 1 in Fire Magic
 10023 | D:7      | Reached skill level 1 in Air Magic
 10023 | D:7      | Reached skill level 1 in Evocations
 10225 | D:7      | Reached skill level 8 in Spellcasting
 10340 | D:7      | Reached *** piety under Sif Muna
 10387 | D:7      | Reached XP level 9. HP: 46/63 MP: 17/21
 10460 | D:7      | Found an ornate altar of the Wu Jian Council.
 10466 | D:7      | Found an opulent altar of Gozag.
 10897 | D:7      | Noticed Menkaure
 10903 | D:7      | Killed Menkaure
 11164 | D:8      | Reached skill level 1 in Staves
 11380 | D:8      | Found an ancient bone altar of Kikubaaqudgha.
 11648 | D:8      | Noticed arcanemastermind's ghost (novice DEFE)
 11852 | D:8      | Noticed a troll
 11870 | D:8      | Found Gyjyivy's Antique Weapon Shoppe.
 11889 | D:8      | Killed a troll
 11889 | D:8      | Reached skill level 9 in Spellcasting
 12105 | D:8      | Noticed Maurice
 12123 | D:8      | Killed Maurice
 12257 | D:8      | Found a blossoming altar of Fedhas.
 12601 | D:9      | Reached skill level 5 in Necromancy
 12624 | D:9      | Reached **** piety under Sif Muna
 12650 | D:9      | Found a staircase to the Lair.
 12650 | D:9      | Noticed a komodo dragon
 12698 | D:9      | Killed a komodo dragon
 12872 | D:9      | Reached XP level 10. HP: 45/70 MP: 14/23
 13034 | D:9      | Noticed a two-headed ogre
 13075 | D:10     | Entered Level 10 of the Dungeon
 13093 | D:10     | Noticed Erolcha
 13108 | D:10     | Noticed a two-headed ogre
 13162 | D:10     | HP: 3/70 [two-headed ogre/giant spiked club (16)]
 13164 | D:10     | Mangled by a two-headed ogre

Skill      XL: |  1  2  3  4  5  6  7  8  9 10 |
---------------+-------------------------------+-----
Stealth        | 2 3 |  3.3
Conjurations   | 1 2 |  2.6
Dodging        | 2 3 4 |  4.0
Translocations | 1 |  1.1
Spellcasting   | 5 6 8 9 |  9.8
Fighting       | 1 2 3 |  3.0
Hexes          | 1 2 3 4 |  4.2
Poison Magic   | 1 2 |  2.0
Necromancy     | 3 5 |  5.4
Fire Magic     | 1 |  1.5
Air Magic      | 1 |  1.4
Evocations     | 1 2 3 |  3.0
Staves         | 2 |  2.3
Short Blades   | |  0.3
Summonings     | |  0.7

Action                   |  1- 3 |  4- 6 |  7- 9 | 10-12 || total
-------------------------+-------+-------+-------+-------++-------
Melee: Unarmed           |    15 |       |       |       ||    15
       Dagger            |    51 |       |       |       ||    51
       Short sword       |    22 |   151 |    53 |       ||   226
       Staff             |       |    21 |   263 |    10 ||   294
       Rapier            |       |       |   420 |    41 ||   461
 Cast: Magic Dart        |    35 |    83 |    44 |     9 ||   171
       Slow              |    16 |    10 |    44 |     2 ||    72
       Blink             |     4 |       |     2 |     4 ||    10
       Mephitic Cloud    |     3 |    19 |    58 |     6 ||    86
       Conjure Flame     |       |     2 |     5 |     1 ||     8
       Animate Skeleton  |       |       |    27 |       ||    27
  Use: Scroll            |     8 |     4 |    10 |     4 ||    26
 Stab: Sleeping          |     3 |       |     4 |       ||     7
       Confused          |       |     6 |    15 |       ||    21
       Distracted        |       |       |     1 |       ||     1
Armor: Robe              |    16 |       |       |       ||    16
       Leather armour    |       |    32 |   179 |    26 ||   237
Dodge: Dodged            |    69 |    86 |   363 |    50 ||   568
